 Dungeon Crawl Stone Soup version 0.30-a0-622-gddc90eaa04 (webtiles) character file.

Game seed: 9010011341662444331

110 Dirtsage the Changer (level 4, -7/28 HPs)
             Began as an Octopode Transmuter on Jan 10, 2023.
             Mangled by an orc
             ... wielding a +0 trident
              (10 damage)
             ... on level 3 of the Dungeon.
             The game lasted 00:03:52 (1690 turns).

Dirtsage the Changer (Octopode Transmuter)          Turns: 1690, Time: 00:03:53

Health: -7/28      AC:  1    Str:  9    XL:     4   Next: 91%
Magic:  7/7        EV: 13    Int: 17    God:
Gold:   98         SH:  0    Dex: 12    Spells: 4/7 levels left

rFire   . . .      SeeInvis +      - Unarmed
rCold   . . .      Faith    .    (no shield)
rNeg    . . .      Spirit   .    (helmet restricted)
rPois   .          Reflect  .    (no amulet)
rElec   .          Harm     .    S - ring of see invisible
rCorr   .          Rampage  .    (no ring)
Will    .....                    (no ring)
Stlth   ++                       (no ring)
HPRegen 0.24/turn                (no ring)
MPRegen 0.10/turn                (no ring)
                                 (no ring)
                                 (no ring)

@: no status effects
A: almost no armour, amphibious, 8 rings, camouflage 1, gelatinous body 1,
(nimble swimmer 1), tentacles
a: no special abilities


You were on level 3 of the Dungeon.
You visited 1 branch of the dungeon, and saw 3 of its levels.

You collected 98 gold pieces.

Inventory:

Magical Staves
 i - a staff of fire
Jewellery
 S - a ring of see invisible (left tentacle)
Scrolls
 b - 4 scrolls of identify {unknown}
 e - a scroll of teleportation {unknown}
 f - a scroll of fear {unknown}
 g - a scroll of amnesia {unknown}
 h - a scroll of acquirement {unknown}
 j - a scroll of vulnerability {unknown}
 l - a scroll of poison {unknown}
Potions
 a - a potion of lignification
 d - a potion of haste {unknown}
 k - a potion of degeneration {unknown}
 q - a potion of curing


   Skills:
 - Level 1.0 Fighting
 - Level 2.0 Dodging
 - Level 3.0 Unarmed Combat
 - Level 2.0 Spellcasting
 * Level 3.7 Transmutations
 * Level 2.9 Ice Magic


You had 4 spell levels left.
You knew the following spells:

 Your Spells              Type           Power      Damage    Failure   Level
a - Beastly Appendage     Tmut           28%        N/A       4%          1
b - Wereblood             Tmut           14%        N/A       6%          2

Your spell library contained the following spells:

 Spells                   Type           Power      Damage    Failure   Level
 Slow                     Hex            4%         N/A       19%         1
 Spider Form              Tmut/Pois      8%         N/A       26%         3
 Ice Form                 Ice/Tmut       13%        N/A       43%         4
 Confusing Touch          Hex            1%         N/A       50%         3
 Summon Guardian Golem    Hex/Summ       1%         N/A       50%         3
 Vampiric Draining        Necr           1%         2d6       50%         3
 Orb of Destruction       Conj           0%         9d5       100%        7
 Spellforged Servitor     Conj/Summ      0%         N/A       100%        7


Dungeon Overview and Level Annotations

Branches:
Dungeon (3/15)

Altars:
Cheibriados


Innate Abilities, Weirdness & Mutations

You cannot wear most types of armour.
You are amphibious.
You can wear up to eight rings at the same time.
Your skin changes colour to match your surroundings (Stealth+).
Your rubbery body absorbs attacks. (AC +1, EV +1)
((You are camouflaged when in or above water. (Stealth+)))
You have tentacles for arms and can constrict up to eight enemies at once.


Message History

The orc wizard hits you with a +0 dagger.
You take 2 damage, and have 13/28 hp.
You bump into the rock wall.
You constrict the orc wizard. The orc barely misses you.
The orc wizard barely misses you.
MP restored: 7 You bump into the rock wall.
You constrict the orc wizard.
You feel a bit better.
You kill the orc wizard!
The orc misses you.
You're too confused to cast spells.
You tentacle-slap the orc.
The orc is heavily wounded.
Your primal bloodlust has ended.
The orc hits you with a +0 hand axe.
The orc hits you from afar with a +0 trident.
* * * LOW HITPOINT WARNING * * *
You take 7 damage, and have 7/28 hp.
MASSIVE DAMAGE!!
It was a potion of curing.
You feel better.
q - a potion of curing The orc barely misses you.
The orc hits you from afar with a +0 trident.
You regained 4 hp, and now have 11/28 hp.
You tentacle-slap the orc but do no damage.
You grab the orc.
The orc is moderately wounded.
You constrict the orc. The orc hits you with a +0 hand axe.
The orc closely misses you.
You take 2 damage, and have 9/28 hp.
You tentacle-slap the orc.
The orc is severely wounded.
You constrict the orc. The orc hits you with a +0 hand axe.
* * * LOW HITPOINT WARNING * * *
The orc hits you from afar with a +0 trident.
* * * LOW HITPOINT WARNING * * *
You take 7 damage, and have 2/28 hp.
MASSIVE DAMAGE!!
You tentacle-slap the orc.
You kill the orc!
The orc closely misses you. The orc hits you with a +0 trident!
You die...

##...)...#..###.##
.........>##.###.##
.##....<..+ .##...#
#.......######.##
#...............#
#.######.########
#. #.# #
######.######
#.#.@.........#
#..o#######.#.#
#........... ..
#........≈.≈≈≈. ≈.≈
#.##.....≈...≈. .≈
# .......≈≈≈.≈. ≈
..........≈.≈.
........._.....
.......#...≈.≈!


You could see an orc.

Vanquished Creatures
  An orc wizard (D:3)
  An adder (D:2)
  2 worms (D:2)
  4 dart slugs
  3 orcs (D:3)
  5 endoplasms
  4 giant cockroaches
  6 goblins
  2 hobgoblins (D:1)
  3 jackals (D:1)
  8 kobolds
  3 quokkas (D:2)
  4 ball pythons
  4 bats
  4 frilled lizards
  A rat (D:1)
55 creatures vanquished.

Notes
Turn   | Place    | Note
-------+----------+-------------------------------------------
     0 | D:1      | Dirtsage the Octopode Transmuter began the quest for the
                  | Orb.
     0 | D:1      | Reached XP level 1. HP: 13/13 MP: 3/3
    69 | D:1      | Reached skill level 1 in Ice Magic
    69 | D:1      | Reached XP level 2. HP: 18/18 MP: 3/5
   406 | D:1      | Reached XP level 3. HP: 20/23 MP: 6/6
   901 | D:2      | Found a faded altar of an unknown god.
   970 | D:2      | Reached XP level 4. HP: 28/28 MP: 7/7
  1662 | D:3      | Learned a level 2 spell: Wereblood
  1668 | D:3      | Found a snail-covered altar of Cheibriados.
  1690 | D:3      | Mangled by an orc

Illustrated notes

Levels and vault maps discovered:
D:1:      erik_arrival_blinker_ship, layout_rooms
D:2:      minmay_diamond_boxcup, layout_basic, nicolae_ecumenical_oubliette
D:3:      layout_basic, mainiacjoe_overflow_alcove_4,
          mainiacjoe_overflow_large_starburst, amcnicky_mini_corridor_feature,
          minmay_misc_feat_roman

Skill      XL: |  1  2  3 |
---------------+----------+-----
Ice Magic      | 1 2 |  2.9
Transmutations | 3 |  3.7
Fighting       | |  1.0
Dodging        | |  2.0
Unarmed Combat | |  3.0
Spellcasting   | |  2.0

Action                   |  1- 3 |  4- 6 || total
-------------------------+-------+-------++-------
Melee: Unarmed           |    80 |    56 ||   136
       Constrict         |    22 |    17 ||    39
       Tentacles         |    14 |     9 ||    23
       Kick              |    16 |     7 ||    23
       Punch             |     3 |     2 ||     5
 Cast: Beastly Appendage |    10 |     7 ||    17
       Wereblood         |       |     1 ||     1
  Use: Potion            |       |     1 ||     1
 Stab: Sleeping          |     5 |     5 ||    10
Armor: Skin              |     5 |     7 ||    12
Dodge: Dodged            |    38 |    25 ||    63

Table legend: (Time is in decaauts)
 A = Elapsed time spent in this place.
 B = Non-inter-level travel time spent in this place.
 C = Inter-level travel time spent in this place.
 D = Time resting spent in this place.
 E = Time spent auto-exploring this place.
 F = Levels seen in this place.
 G = Mean time per level.
                   A        B        C        D        E       F      G
               +--------+--------+--------+--------+--------+-----+--------+
         Total |   1681 |   1625 |     56 |      0 |   1260 |   3 |  560.3 |
       Dungeon |   1681 |   1625 |     56 |      0 |   1260 |   3 |  560.3 |
               +--------+--------+--------+--------+--------+-----+--------+

Top non-repeatable levels by time:
     D:2: 929 daAuts
     D:1: 672 daAuts
     D:3: 79 daAuts
